 Dungeon Crawl Stone Soup version 0.28.0 (webtiles) character file.

Game seed: 13942070700936421393

9 cbfl8 the Sneak (level 2, -2/27 HPs)
             Began as a Minotaur Delver on Feb 14, 2022.
             Slain by a hound (4 damage)
             ... on level 5 of the Dungeon.
             The game lasted 00:00:30 (212 turns).

cbfl8 the Sneak (Minotaur Delver)                    Turns: 212, Time: 00:00:31

Health: -2/27      AC:  3    Str: 16    XL:     2   Next: 3%
Magic:  1/1        EV: 11    Int:  7    God:
Gold:   0          SH:  0    Dex: 11    Spells: 1/1 levels left

rFire   . . .      SeeInvis .   a - +0 hand axe
rCold   . . .      Faith    .   (no shield)
rNeg    . . .      Spirit   .   b - +0 leather armour
rPois   .          Reflect  .   (helmet restricted)
rElec   .          Harm     .   (no cloak)
rCorr   .          Rampage  .   (no gloves)
Will    .....                   (no boots)
Stlth   ++........              (no amulet)
HPRegen 0.09/turn               (no ring)
MPRegen 0.07/turn               (no ring)

@: no status effects
A: horns 2, retaliatory headbutt
a: no special abilities


You were on level 5 of the Dungeon.
You visited 1 branch of the dungeon, and saw 1 of its levels.

Inventory:

Hand Weapons
 a - a +0 hand axe (weapon)
Armour
 b - a +0 leather armour (worn)
Wands
 g - a wand of digging (3)
Scrolls
 c - a scroll of fog
 d - a scroll of magic mapping
 e - a scroll of fear
Potions
 f - a potion of haste


   Skills:
 + Level 3.7 Fighting
 + Level 2.4 Axes
 + Level 2.2 Dodging
 + Level 4.4 Stealth


You had one spell level left.
You didn't know any spells.
Your spell library was empty.

Dungeon Overview and Level Annotations

Branches:
Dungeon (5/15)
 Temple: D:4-7

Altars:
Qazlal


Innate Abilities, Weirdness & Mutations

You have a pair of horns on your head.
You reflexively headbutt those who attack you in melee.


Message History

You headbutt the adder. The adder bites you but does no damage.
You miss the adder.
The adder is heavily wounded.
You feel sick. The adder barely misses you. You furiously retaliate!
You headbutt the adder!
You kill the adder!
You have reached level 2!
You start resting.
You feel sick. x2
You are no longer poisoned.
You start resting.
HP restored.
A hound comes into view.
You see here an adder corpse.
An adder comes into view.
The hound barks!
The adder hisses angrily.
The hound bites you. x2
The adder bites you but does no damage. The hound bites you.
The adder bites you.
You hit the hound but do no damage. You closely miss the adder.
The hound barely misses you. The adder misses you. The hound bites you.
You slash the hound! Your headbutt misses the hound.
The hound is heavily wounded.
You hit the adder. The hound bites you. The adder bites you but does no damage.
The hound misses you. The adder bites you.
* * * LOW HITPOINT WARNING * * *
You barely miss the hound.
The hound is heavily wounded.
You hit the adder. The hound barely misses you. The adder barely misses you.
You furiously retaliate!
You headbutt the adder. The hound bites you but does no damage.
The adder bites you.
* * * LOW HITPOINT WARNING * * *
The hound barely misses you. You furiously retaliate!
You headbutt the hound. The adder bites you but does no damage.
The hound bites you but does no damage. The hound misses you.
Found an escape hatch in the floor.
The hound bites you.
* * * LOW HITPOINT WARNING * * *
The hound closely misses you. The adder barely misses you. The hound bites you.
You die...

.....###...##..####...##
...............##....###
>..........[....#......#
.......................
......................
#................#.
##S..............#.
##h#...........####
#.@##.†.......##
#............#.####
##......#..........
########...##..###
######.## ###


You could see a hound and an adder.

Vanquished Creatures
  An adder (D:5)
1 creature vanquished.

Notes
Turn   | Place    | Note
-------+----------+-------------------------------------------
     0 | D:5      | cbfl8 the Minotaur Delver began the quest for the Orb.
     0 | D:5      | Reached XP level 1. HP: 19/19 MP: 0/0
    12 | D:5      | Found a stormy altar of Qazlal.
    66 | D:5      | Reached XP level 2. HP: 17/27 MP: 1/1
   212 | D:5      | Slain by a hound

Illustrated notes

Levels and vault maps discovered:
D:5:      layout_cave_pools, grunt_qazlal_clouds, makhleb_altar_promises_db,
          gammafunk_ghost_arena

Action                   || total
-------------------------++-------
Melee: Hand axe          ||     8
Armor: Leather armour    ||     7
Dodge: Dodged            ||    15
